[Event "Early-Titled-Tuesday-Blitz-February-13-2024"]
[Site "Chess.com"]
[Date "2024.02.13"]
[Round "3"]
[White "VinzentSpitzl"]
[Black "Iuckyducky"]
[Result "1/2-1/2"]
[WhiteElo "2522"]
[BlackElo "2270"]
[TimeControl "180+1"]
[EndTime "8:33:07 PST"]
[Termination "Game drawn by repetition"]

1. e4 e5 2. Nf3 Nc6 3. Bb5 a6 4. Ba4 Nf6 5. O-O b5 6. Bb3 Be7 7. Re1 O-O 8. c3 d5 9. d4 dxe4 10. Nxe5 Nxe5 11. dxe5 Qxd1 12. Bxd1 Ng4 13. Rxe4 Rd8 14. Bxg4 Bxg4 15. Nd2 Bf5 16. Re1 Rd5 17. Nf3 Rad8 18. Nd4 Bd7 19. Bf4 c5 20. Nf3 Bg4 21.
h3 Bxf3 22. gxf3 Rd3 23. Kg2 h6 24. a4 b4 25. cxb4 cxb4 26. Rac1 g5 27. Be3 R8d5 28. Rc6 a5 29. e6 f5 30. Bb6 Rd2 31. Rc7 Kf8 32.
Rd7 Rxd7 33. exd7 Rxd7 34. Re2 Rd5 35. f4 g4 36. Re5 gxh3+ 37. Kxh3 Rd3+ 38. Kg2 Rd2 39.
Rxf5+ Ke8 40. Rxa5 Rxb2 41. Re5 Kf7 42. a5 b3 43. a6 Ra2 44. a7 b2 45. Ra5 Rxa5 46. Bxa5 b1=Q 47. a8=Q Qg6+ 48. Kf1 Qb1+ 49. Ke2 Qc2+ 50.
Kf3 Qd3+ 51. Kg2 Qg6+ 52. Kf1 Qb1+ 53. Ke2 Qc2+ 54. Kf3 Qd3+ 55. Kg2 Qg6+ 1/2-1/2

[Event "Early-Titled-Tuesday-Blitz-February-13-2024"]
[Site "Chess.com"]
[Date "2024.02.13"]
[Round "3"]
[White "LuisFSiles"]
[Black "ProChessWICTH"]
[Result "0-1"]
[WhiteElo "2251"]
[BlackElo "2517"]
[TimeControl "180+1"]
[EndTime "8:33:07 PST"]
[Termination "ProChessWICTH won by resignation"]

1. e4 c6 2. d4 d5 3. exd5 cxd5 4. c4 Nf6 5. Nc3 g6 6. cxd5 Nxd5 7. Qb3 Nxc3 8. Bc4 e6 9. bxc3 Nc6 10. Nf3 Bd7 11.
Bb5 Bg7 12. Ba3 Bf8 13. Bxf8 Kxf8 14. h4 Kg7 15. h5 Re8 16. h6+ Kg8 17. Bd3 Qc7 18. Kf1 Rac8 19. Rc1 e5 20. Ng5 Nd8 21. Ne4 Re6 22. d5 Rb6 23. Qa3 Bf5 24. c4 Bxe4 25.
Bxe4 Qc5 26. Qf3 f6 27. d6 Rxd6 28. Bd5+ Kh8 29. g3 Nc6 30. Kg2 Nd4 31. Qc3 b5 32. Rhe1 Rxd5 33. cxd5 Qxc3 34. Rxc3 Rxc3 35. f4 Kg8 36. fxe5 fxe5 37. Rxe5 Rc2+ 38. Kf1 Nf3 39. Re7 Rd2 40. Rg7+ Kf8 41. Rxh7 Rxd5 42. Rh8+ Kf7 43. h7 Kg7 44. Rf8 Nd2+ 45. Ke2 Kxh7 46. Rf7+ Kh6 47. Rxa7 Nc4 48. Kf3 Rd2 49. Ke4 Re2+ 50. Kf3 Rb2 51. Kf4 g5+ 52. Kf5 Ne3+ 53. Ke4 Nc4 54. Ra6+ Kh5 55.
Kf5 Rf2+ 56. Ke4 Kg4 57. Ra8 Re2+ 58. Kd3 Rd2+ 59. Ke4 Kxg3 60. Rb8 Rxa2 61. Rxb5 Nd6+ 0-1

[Event "Early-Titled-Tuesday-Blitz-February-13-2024"]
[Site "Chess.com"]
[Date "2024.02.13"]
[Round "3"]
[White "MiguelEduardoGB"]
[Black "GrotBchess"]
[Result "1/2-1/2"]
[WhiteElo "2152"]
[BlackElo "2364"]
[TimeControl "180+1"]
[EndTime "8:33:07 PST"]
[Termination "Game drawn by repetition"]

1. Nf3 Nf6 2. e3 g6 3. b3 Bg7 4. Bb2 O-O 5. d4 c5 6. Nbd2 d6 7. Be2 Nbd7 8. O-O b6 9. c4 Bb7 10. d5 Re8 11. h3 Qc7 12. Re1 Rad8 13. Qc2 e6 14. dxe6 Rxe6 15. Ng5 Re7 16. Rad1 d5 17. cxd5 Bxd5 18. Nc4 Bc6 19. Bf3 Bxf3 20. Nxf3 Nf8 21. Nce5 N8d7 22. Nxd7 Rexd7 23. Rxd7 Qxd7 24. Qc4 Qd5 25. Qh4 Ne4 26. Bxg7 Kxg7 27. Qe7 Rd7 28. Qe8 Nf6 29.
Qb8 h6 30. Qf4 Ne4 31. Qb8 Nd2 32. Nh2 h5 33. Qf4 Qe4 34. Qg3 a5 35. Rd1 Nf3+ 36.
Nxf3 Rxd1+ 37. Kh2 Qe6 38. Qf4 Qf6 39. Qc7 Ra1 40. a4 Ra2 41. Kg1 Rb2 42. h4 Rxb3 43.
Ng5 Rb2 44. Qg3 Rb1+ 45. Kh2 c4 46. Ne4 Qe6 47. Ng5 Qd5 48. e4 Qc5 49. e5 Qe7 50. e6 f6 51. Nf3 Qxe6 52. Qc7+ Qf7 53. Qc6 Rb2 54. Nd4 Rxf2 55. Ne6+ Kh7 56. Qe4 f5 57.
Ng5+ Kg8 58. Qa8+ Qf8 59. Qd5+ Kg7 60. Qd7+ Kf6 61. Qe6+ Kg7 62. Qd7+ Kf6 63. Qe6+ Kg7 64. Qd7+ 1/2-1/2

[Event "Early-Titled-Tuesday-Blitz-February-13-2024"]
[Site "Chess.com"]
[Date "2024.02.13"]
[Round "3"]
[White "ValentinDragnev"]
[Black "Sina_Movahed"]
[Result "0-1"]
[WhiteElo "2749"]
[BlackElo "2997"]
[TimeControl "180+1"]
[EndTime "8:33:08 PST"]
[Termination "Sina_Movahed won on time"]

1. d4 Nf6 2. Nf3 g6 3. Bf4 Bg7 4. e3 O-O 5. Be2 d6 6. h3 Nfd7 7. O-O e5 8. Bh2 Qe7 9. c4 f5 10.
Nc3 c6 11. b4 Na6 12. b5 Nc7 13. bxc6 bxc6 14. Qa4 Bb7 15. Rab1 Nb6 16. Qa5 c5 17.
dxe5 dxe5 18. Na4 Be4 19. Rbc1 Nxa4 20. Qxa4 Rab8 21. Nd2 Ba8 22. Bf3 e4 23. Be2 Rbd8 24.
Rfd1 Ne6 25. Nb3 Rxd1+ 26. Rxd1 Rd8 27. Rxd8+ Nxd8 28. Qb5 Bf8 29. Qb8 Bc6 30. Be5 Ne6 31.
Na5 Ba4 32. Bc3 Qd7 33. h4 Kf7 34. h5 Qc7 35. hxg6+ hxg6 36. Qb2 Bg7 37. Nb3 Bxb3 38.
axb3 a5 39. g4 f4 40. Bxg7 Nxg7 41. exf4 Qxf4 42. Qc3 Ne6 43. Qxa5 Nd4 44. Bd1 Qc1 45.
Qc7+ Kf6 46. Qd6+ Kf7 47. Qd7+ Kg8 48. Qd8+ Kf7 49. Qd7+ Kf6 50. Qd6+ Ne6 51. Kg2 g5 52. Be2 Qc3 53. Kf1 Kf7 54. Qd7+ Kf6 55. Qd5 Qa1+ 0-1

[Event "Early-Titled-Tuesday-Blitz-February-13-2024"]
[Site "Chess.com"]
[Date "2024.02.13"]
[Round "3"]
[White "Bigfish1995"]
[Black "OhanyanEminChess"]
[Result "1-0"]
[WhiteElo "3175"]
[BlackElo "2803"]
[TimeControl "180+1"]
[EndTime "8:33:11 PST"]
[Termination "Bigfish1995 won by resignation"]

1. e4 c5 2. Nf3 e6 3. c3 d5 4. exd5 Qxd5 5. d4 Nf6 6. Be2 cxd4 7. Nxd4 Qxg2 8. Bf3 Qh3 9. Bf4 Nd5 10.
Bxd5 exd5 11. Qe2+ Be7 12. Rg1 Qh4 13. Bg5 Qe4 14.
Bxe7 Kxe7 15. Rxg7 Kf6 16. Rg3 Re8 17. Qxe4 Rxe4+ 18. Kf1 Nc6 19. Nd2 Rh4 20. N2f3 Rf4 21. Ne2 Rg4 22. Rd1 Rxg3 23. hxg3 Bh3+ 24. Kg1 Bg4 25. Kg2 Rd8 26. Ned4 Nxd4 27. Rxd4 Bf5 28. Nd2 Ke5 29. Nf3+ Kf6 30. Kf1 Be6 31. Ke2 Ra8 32. Rf4+ Kg7 33.
Nd4 Re8 34. Kd2 Bd7 35. a3 Re5 36. Nc2 Rh5 37. Ne3 Be6 38. Kd3 Rh1 39. Kd4 Rb1 40.
b4 Ra1 41. a4 b6 42. Ke5 Rxa4 43. Nxd5 Bxd5 44. Kxd5 Ra2 45. c4 Rd2+ 46. Kc6 a5 47.
bxa5 bxa5 48. Kb5 Ra2 49. c5 Kf8 50. c6 Ke7 51. Rd4 a4 52. Rxa4 Rc2 53. Rc4 Rb2+ 54. Ka6 Kd8 55. Rf4 Kc7 56. Rf6 Rb3 57. Ka5 Rb2 58.
Ka4 h5 59. f3 Rg2 60. Kb5 Rb2+ 61. Kc5 Rc2+ 62. Kd5 Rd2+ 63. Ke4 Rc2 64. Kf4 Rc4+ 65. Kg5 Rc5+ 66. Kh4 Rc1 67. Rxf7+ Kxc6 68. Kxh5 1-0

[Event "Early-Titled-Tuesday-Blitz-February-13-2024"]
[Site "Chess.com"]
[Date "2024.02.13"]
[Round "3"]
[White "Bilan_Danila"]
[Black "nicolasbatista3"]
[Result "0-1"]
[WhiteElo "2554"]
[BlackElo "2328"]
[TimeControl "180+1"]
[EndTime "8:33:11 PST"]
[Termination "nicolasbatista3 won by resignation"]

1. d4 d5 2. Nf3 Nf6 3. c4 c6 4. Nc3 e6 5. Bg5 Be7 6. e3 Nbd7 7. Bd3 h6 8. Bh4 O-O 9. O-O dxc4 10. Bxc4 b5 11.
Be2 Bb7 12. Rc1 Rc8 13. Ne5 b4 14. Na4 c5 15. Nxd7 Nxd7 16. Bg3 Qa5 17. b3 Rfd8 18. Bf3 Bxf3 19. Qxf3 cxd4 20. Rxc8 Rxc8 21. Qb7 Qd8 22. Qxa7 dxe3 23. fxe3 Nc5 24. Nb6 Rc6 25. Nc4 Ra6 26. Qc7 Qxc7 27. Bxc7 Rxa2 28. Ne5 Bf6 29. Nc6 Bc3 30.
Be5 Nxb3 31. Ne7+ Kf8 32. Ng6+ Ke8 33. Bxc3 bxc3 34. Nf4 c2 35. Nd3 Nd2 36. Rc1 Nc4 37.
Nb4 Rb2 38. Nxc2 Rb3 39. Kf2 Rc3 40. Ke2 Nxe3 41. Kd2 Rxc2+ 42. Rxc2 Nxc2 43. Kxc2 Ke7 44. Kd3 Kd6 45. Ke4 g5 46. g4 f6 47. Kd4 f5 48. h3 f4 49. Ke4 e5 50. Kf5 f3 51.
Kg6 f2 52. Kxh6 f1=Q 53. Kxg5 Qxh3 54. Kf5 e4 55. Kf6 Qxg4 56. Kf7 Qe6+ 57. Kf8 e3 58.
Kg7 e2 59. Kh7 e1=Q 60. Kh8 Qh1+ 61. Kg7 Qg2+ 0-1

[Event "Early-Titled-Tuesday-Blitz-February-13-2024"]
[Site "Chess.com"]
[Date "2024.02.13"]
[Round "3"]
[White "HATilay"]
[Black "IMRosen"]
[Result "1-0"]
[WhiteElo "2505"]
[BlackElo "2674"]
[TimeControl "180+1"]
[EndTime "8:33:12 PST"]
[Termination "HATilay won by resignation"]

1. e4 c5 2. Nf3 Nc6 3. Bb5 e6 4. O-O Nge7 5. Re1 a6 6. Bf1 b5 7. a4 b4 8. d4 cxd4 9. Nxd4 Nxd4 10. Qxd4 Nc6 11. Qd1 Qc7 12. Nd2 Be7 13. Nc4 O-O 14. e5 f6 15. exf6 Bxf6 16. Qd6 Be5 17. Qxc7 Bxc7 18.
a5 Nd4 19. Bd3 Bb7 20. Be3 Nf5 21. Bb6 Rac8 22. f3 Bb8 23. Rad1 Rf6 24. b3 Bd5 25. Ne5 d6 26. Nd7 Rf7 27. Nxb8 Rxb8 28. Bxa6 Ra8 29. Bd3 Kf8 30. a6 Ke7 31. Bb5 Kf6 32.
Bf2 Rff8 33. a7 Rfc8 34. Rd2 Rc7 35. Ra1 Bb7 36. Bd3 d5 37. Bb5 h6 38. Bd3 g6 39. Kf1 Rcc8 40. g4 Nd6 41. Re2 e5 42.
Ba6 Bxa6 43. Rxa6 Ke6 44. f4 e4 45. f5+ gxf5 46. Bg3 Rd8 47. gxf5+ Ke7 48. f6+ Ke6 49.
f7 Rd7 50. Rf2 e3 51. Rf3 Rxf7 52. Rxf7 Kxf7 53. Bxd6 Ke6 54. Bb8+ Kf5 55. Ke2 d4 56.
Rxh6 Ke4 57. Rh4+ Kd5 58. Rg4 Ke6 59. h4 Kf5 60. Rxd4 Kg6 61. Rc4 Kf5 62. Rxb4 Kg6 63. Re4 Kh6 64. Rxe3 Kh7 65. Re4 Kh8 66. b4 Kh7 67. b5 Rxa7 68. Bxa7 1-0

[Event "Early-Titled-Tuesday-Blitz-February-13-2024"]
[Site "Chess.com"]
[Date "2024.02.13"]
[Round "3"]
[White "CFalcons8"]
[Black "OrtizAnahi2001"]
[Result "1-0"]
[WhiteElo "2378"]
[BlackElo "2588"]
[TimeControl "180+1"]
[EndTime "8:33:12 PST"]
[Termination "CFalcons8 won on time"]

1. d4 d5 2. c4 e6 3. Nf3 Nf6 4. g3 Be7 5. Bg2 O-O 6. O-O b6 7. b3 Bb7 8. Bb2 c5 9. dxc5 bxc5 10. Nbd2 d4 11. Qc2 Nc6 12. a3 Rb8 13. Rfd1 e5 14. Ng5 h6 15. Nge4 Nd7 16. g4 Bh4 17. Nf3 Be7 18. Nfd2 a5 19. Ng3 g6 20. Bd5 Nf6 21. Qxg6+ Kh8 22. Qxh6+ Nh7 23. Be4 f5 24. Nxf5 Rg8 25. h3 Bg5 26. Qh5 Ne7 27. Nd6 Rg7 28.
Nxb7 Qb6 29. Nf3 Bf4 30. Nxe5 Bxe5 31. Qxe5 Rxb7 32. Bxb7 Qxb7 33. Rd3 Ng5 34. Bc1 Nf7 35. Qe6 Ng6 36. f3 Qc7 37. Kf2 Qh2+ 38. Ke1 Qg1+ 39.
Kd2 Nf4 40. Qe8+ Kh7 41. Qe4+ Ng6 42. Kc2 Qg2 43. h4 Kh8 44. h5 Nf8 45. Bf4 Qf2 46.
h6 Rg6 47. Qe8 Kg8 48. Rh1 Re6 49. h7+ Kg7 50. h8=Q+ Nxh8 51. Be5+ Rxe5 52. Qxe5+ Kf7 53. Rxh8 Ng6 54. Qf5+ Kg7 55. Re8 Qe1 56. Re6 Qa1 57.
Qxg6+ 1-0

[Event "Early-Titled-Tuesday-Blitz-February-13-2024"]
[Site "Chess.com"]
[Date "2024.02.13"]
[Round "3"]
[White "Predator0608"]
[Black "rezamahdavi2008"]
[Result "0-1"]
[WhiteElo "2564"]
[BlackElo "2839"]
[TimeControl "180+1"]
[EndTime "8:33:15 PST"]
[Termination "rezamahdavi2008 won by resignation"]

1. f4 e5 2. fxe5 d6 3. exd6 Bxd6 4. Nf3 Nf6 5. g3 h5 6. c3 Bd7 7. d3 h4 8. gxh4 Ng4 9. Bg5 f6 10. Bc1 g5 11. hxg5 Bg3+ 12. hxg3 Rxh1 13. Qb3 Kf8 14. Bf4 Nc6 15. Na3 Qe7 16. gxf6 Nxf6 17. Qxb7 Re8 18. O-O-O Nd5 19. Bg5 Qf7 20. Qb5 Kg8 21. Qc5 Ne5 22.
Nd2 Ng4 23. Nac4 Nf2 24. Re1 Nxd3+ 25. exd3 Rxe1+ 26. Kc2 Rhxf1 27. Nxf1 Rxf1 28. Ne5 Qf2+ 29. Qxf2 Rxf2+ 30. Kb3 Be6 31. c4 Nb6 32. a4 Nd7 33. Nxd7 Bxd7 34. Bf4 c6 35. Be3 Rf3 36. Bxa7 Rxd3+ 37. Kb4 Rxg3 38. a5 Kf7 39. a6 Rg8 40. Kc5 Bc8 41.
Kb6 c5 42. Bb8 Bxa6 43. Bd6 Bxc4 44. Bxc5 Ke6 45. b4 Kd5 46. Kc7 Rg6 47. Kd7 Rg7+ 48. Kc8 Kc6 49. Kb8 Rd7 50. Ka8 Bb5 51. Kb8 Rb7+ 52. Ka8 Rd7 53. Kb8 Ba6 54. Ka8 Rc7 55.
Kb8 Rc8+ 56. Ka7 Bb7 57. b5+ Kxc5 58. Kxb7 Rh8 59. b6 Rh6 60. Ka6 Rxb6+ 0-1

[Event "Early-Titled-Tuesday-Blitz-February-13-2024"]
[Site "Chess.com"]
[Date "2024.02.13"]
[Round "3"]
[White "Leonid_Starozhilov"]
[Black "Philosopherrr"]
[Result "1-0"]
[WhiteElo "2742"]
[BlackElo "2400"]
[TimeControl "180+1"]
[EndTime "8:33:15 PST"]
[Termination "Leonid_Starozhilov won by checkmate"]

1. e4 e5 2. Nf3 Nc6 3. Nc3 Nf6 4. Bb5 Bb4 5. Bxc6 bxc6 6. d3 d6 7. h3 h6 8. Bd2 O-O 9. O-O Rb8 10. b3 Re8 11. Ne2 Ba3 12. Ng3 d5 13. Re1 Bd6 14. Bc3 d4 15. Bd2 Nh7 16. Nh2 Kh8 17. Qh5 Qf6 18.
Ng4 Qg6 19. Rf1 Qxh5 20. Nxh5 f5 21. exf5 Bxf5 22. f3 Bg6 23. Ng3 Rf8 24. Rae1 Rbe8 25. Ne4 h5 26. Ngf2 Nf6 27. Re2 Nd5 28. Rfe1 Be7 29.
Nd1 Nf4 30. Bxf4 Rxf4 31. Nb2 Bb4 32. Rf1 h4 33. Nc4 Bf7 34. Ng5 Bd6 35. Nxf7+ Rxf7 36. Rfe1 Rf5 37. Re4 Kg8 38. Rxh4 Bb4 39. Re2 Be7 40.
Rhe4 Bf6 41. f4 c5 42. Nxe5 Kh7 43. Ng4 Rxe4 44. Rxe4 Bh4 45. Kh2 Rf8 46. g3 Bd8 47. h4 c6 48. Ne5 Re8 49. Kg2 Bc7 50. Nxc6 Rf8 51. Kf3 Rf6 52. Ne5 Ra6 53. a4 Bd6 54. Nc4 Bf8 55. f5 Rf6 56. g4 a6 57. h5 Rf7 58. Re6 Be7 59. Ke4 Bg5 60. Ne5 Rb7 61. Re8 Bf6 62. Ng6 Kh6 63. Kf4 Bg5+ 64. Kf3 Bf6 65. Nf4 Kg5 66. Kg3 Re7 67. Ne6+ Kh6 68. Rh8# 1-0

[Event "Early-Titled-Tuesday-Blitz-February-13-2024"]
[Site "Chess.com"]
[Date "2024.02.13"]
[Round "3"]
[White "sokidze"]
[Black "deribas12345"]
[Result "0-1"]
[WhiteElo "2828"]
[BlackElo "2591"]
[TimeControl "180+1"]
[EndTime "8:33:17 PST"]
[Termination "deribas12345 won by resignation"]

1. d4 Nf6 2. Nc3 e6 3. Bf4 d5 4. Nb5 Na6 5. e3 c6 6. Nc3 Nc7 7. Nf3 Bd6 8. Ne5 O-O 9. Bd3 h6 10. Qf3 Nb5 11. Nxb5 cxb5 12. O-O-O Nd7 13. Bxb5 Bxe5 14.
dxe5 Qa5 15. Bxd7 Bxd7 16. Kb1 Rfc8 17. Qe2 Rc4 18. b3 Rc7 19. Rd4 Rac8 20. Qd2 Qa3 21. Rc1 a5 22. c3 Bb5 23. Qb2 Qe7 24. f3 a4 25. e4 dxe4 26. c4 Bc6 27. fxe4 axb3 28.
axb3 Ra8 29. Rcd1 Qb4 30. Bd2 Qc5 31. Be3 Qb4 32. Rd8+ Rxd8 33. Rxd8+ Kh7 34. Bd2 Bxe4+ 35. Kc1 Qc5 36. Qd4 Qxd4 37. Rxd4 Bxg2 38. Ba5 Rc6 39. Rd7 b5 40. Rxf7 bxc4 41. b4 c3 42. Rc7 Kg6 43.
Kc2 Be4+ 44. Kb3 Rxc7 45. Bxc7 c2 46. Kb2 Kf5 47. b5 g5 48. b6 h5 49. b7 Bxb7 50.
Kxc2 Kg4 51. Bd8 Kf4 52. Kd2 g4 53. Bf6 Kf3 54. Bh4 Kg2 55. Bg3 h4 56. Bxh4 Kxh2 57.
Ke1 g3 58. Bg5 g2 59. Bf4+ Kh1 60. Be3 g1=Q+ 61. Bxg1 Kxg1 0-1

[Event "Early-Titled-Tuesday-Blitz-February-13-2024"]
[Site "Chess.com"]
[Date "2024.02.13"]
[Round "3"]
[White "kylelancman"]
[Black "twofoxniel"]
[Result "0-1"]
[WhiteElo "2418"]
[BlackElo "2613"]
[TimeControl "180+1"]
[EndTime "8:33:19 PST"]
[Termination "twofoxniel won by resignation"]

1. e4 d5 2. e5 c5 3. Nf3 Nc6 4. Bb5 Bg4 5. d3 e6 6. h3 Bxf3 7. Bxc6+ bxc6 8. Qxf3 Ne7 9. O-O h5 10. Bg5 Qc7 11. Re1 Nf5 12. c3 Be7 13. Bxe7 Qxe7 14.
Nd2 Rb8 15. Rab1 g5 16. g3 Kd7 17. Qe2 a5 18. a4 Ke8 19. Kg2 Kf8 20. Qd1 Kg7 21. Nb3 Qa7 22. Qc2 g4 23. h4 Qb6 24.
Nd2 Qc7 25. Nf1 Rhf8 26. Qd2 Qe7 27. Qf4 Kh7 28. Ne3 Ng7 29. Re2 Rbe8 30. Rbe1 f6 31.
Nc2 fxe5 32. Qxe5 Rf5 33. Qe3 Ref8 34. d4 c4 35. Qd2 Qd6 36. Ne3 Rf3 37. Qc2+ Kg8 38.
Qg6 R8f6 39. Qg5 c5 40. Rd1 cxd4 41. Rxd4 Qf8 42. Rdd2 Qf7 43. Kg1 Kh7 44. Kg2 Rg6 45. Qe5 Rgf6 46. Qg5 Qb7 47. Kg1 Qb3 48. Nxg4 hxg4 49. h5 R3f5 50. Qxg4 Qxa4 51. f4 Qa1+ 52. Kg2 Rxh5 53. Re5 Qh1+ 54. Kf2 Rh2+ 55. Ke3 Qe1+ 56.
Re2 Rxe2+ 57. Qxe2 Nf5+ 58. Kf3 Qxe2+ 59. Kxe2 Nxg3+ 60. Kf3 Ne4 61. Rh5+ Kg6 62. Rh1 Nd6 63. Ra1 Ne4 64.
Rxa5 Kf5 65. Ra8 Rh6 66. Rf8+ Nf6 67. Rg8 Rh3+ 68. Rg3 Rxg3+ 69. Kxg3 Ne4+ 70. Kf3 Nc5 71. Ke3 Nd3 72. b4 cxb3 73. Kxd3 Kxf4 74. c4 dxc4+ 75. Kxc4 b2 0-1

[Event "Early-Titled-Tuesday-Blitz-February-13-2024"]
[Site "Chess.com"]
[Date "2024.02.13"]
[Round "3"]
[White "Alexander_Donchenko"]
[Black "bilosuvenosu06"]
[Result "1-0"]
[WhiteElo "2924"]
[BlackElo "2528"]
[TimeControl "180+1"]
[EndTime "8:33:20 PST"]
[Termination "Alexander_Donchenko won by resignation"]

1. e4 c5 2. Nf3 e6 3. c3 Nf6 4. e5 Nd5 5. d4 cxd4 6. cxd4 d6 7. Bd3 Nc6 8. O-O Be7 9. Qe2 b6 10. Rd1 Bb7 11. Nbd2 Nf4 12. Qe3 Nxd3 13. Qxd3 dxe5 14.
Ne4 exd4 15. Bg5 f6 16. Bd2 O-O 17. Rac1 Qd5 18. a3 Rac8 19. h4 Rfd8 20. Ng3 f5 21. Re1 Bf6 22. Bg5 Rf8 23. Bxf6 Rxf6 24. Nh5 Rh6 25.
Nf4 Qd6 26. Ne2 Rd8 27. Ng3 Rf6 28. b4 a6 29. b5 axb5 30. Qxb5 Na5 31. Ne5 Qd5 32.
Qxd5 Bxd5 33. Nh5 Rff8 34. Nf4 Bb3 35. Rc7 Rfe8 36. h5 Rc8 37. Rec1 Rxc7 38. Rxc7 Nc4 39. Nxc4 Bxc4 40. Rxc4 e5 41. Nd5 Rf8 42. Ne7+ Kf7 43. Nxf5 Kf6 44. g4 g6 45. hxg6 hxg6 46. Ng3 Kg5 47. Rc6 Kxg4 48. Rxg6+ Kf3 49. Rxb6 d3 50. Rd6 e4 51. Rd4 Rg8 52. a4 Rg5 53. Rxe4 Rd5 54. Re1 Rd4 55. Rd1 d2 56. a5 Kg4 57. Kg2 Ra4 58.
Rxd2 Rxa5 59. Rd4+ Kg5 60. Ne4+ Kf5 61. Nd2 Ke5 62.
Rd3 Kf6 63. f4 Kf5 64. Kf3 Rc5 65. Ne4 Rc2 66. Ng3+ Kf6 67. Rd5 Rc3+ 68. Kg4 Rc6 69. Ne4+ Kf7 70. f5 Rc4 71. Kf4 Rc2 72. Ng5+ Kf6 73.
Rd6+ Ke7 74. Re6+ Kd7 75. Ne4 Re2 76. Nf6+ Kd8 77. Rxe2 1-0

[Event "Early-Titled-Tuesday-Blitz-February-13-2024"]
[Site "Chess.com"]
[Date "2024.02.13"]
[Round "3"]
[White "AlexandraSamaganova"]
[Black "WilsonPalencia21"]
[Result "0-1"]
[WhiteElo "2338"]
[BlackElo "2595"]
[TimeControl "180+1"]
[EndTime "8:33:21 PST"]
[Termination "WilsonPalencia21 won by resignation"]

1. c4 c5 2. Nc3 g6 3. g3 Bg7 4. Bg2 Nc6 5. Nf3 Nf6 6. O-O O-O 7. d3 d5 8. cxd5 Nxd5 9. Bd2 Nc7 10. Rc1 b6 11. Bf4 e5 12. Bg5 f6 13. Be3 Bb7 14. Qd2 Qd7 15. Bh6 Ne6 16. Bxg7 Kxg7 17. a3 Rad8 18.
Ne4 Ncd4 19. Nxd4 Nxd4 20. Qd1 f5 21. Nc3 Bxg2 22. Kxg2 f4 23. Ne4 Nxe2 24. f3 Nxc1 25. Qxc1 fxg3 26. Qg5 Rf5 27. Qxg3 Rdf8 28. Rf2 Qxd3 29.
h4 Rf4 30. Ng5 Qf5 31. h5 h6 32. Nh3 Qxh5 33. Nxf4 exf4 34. Qg4 Qxg4+ 35. fxg4 g5 36. Rd2 Rf7 37. Kf3 Re7 38. Rd6 Re3+ 39. Kf2 Rb3 40. Rd7+ Kf6 41. Rxa7 Rxb2+ 42. Kf3 Rb3+ 43.
Kf2 Ke5 44. Rh7 Rg3 45. Rxh6 Rxg4 46. Rxb6 Kd4 47. a4 Rg3 48. a5 Ra3 49. a6 g4 50.
Rd6+ Ke5 51. Rg6 Ra2+ 52. Ke1 g3 53. Rg5+ Ke4 54. Rg6 Kf3 55. Rd6 g2 56. Rg6 Ra1+ 57. Kd2 g1=Q 58. Rxg1 Rxg1 59. Kc3 Ra1 60. Kc4 Rxa6 61.
Kxc5 Ra1 62. Kd5 Re1 63. Kd4 Re3 64. Kd5 Ke2 65. Kd4 f3 66. Kd5 f2 67. Kd4 f1=Q 68.
Kd5 Qf4 0-1

[Event "Early-Titled-Tuesday-Blitz-February-13-2024"]
[Site "Chess.com"]
[Date "2024.02.13"]
[Round "3"]
[White "MokshAD1603"]
[Black "kidagent"]
[Result "1-0"]
[WhiteElo "2596"]
[BlackElo "2339"]
[TimeControl "180+1"]
[EndTime "8:33:22 PST"]
[Termination "MokshAD1603 won on time"]

1. c4 c6 2. g3 Nf6 3. Bg2 d5 4. Nf3 e6 5. Kf1 Bd6 6. d4 Nbd7 7. Nc3 O-O 8. b3 Qe7 9. Kg1 Rd8 10. Bb2 dxc4 11. bxc4 e5 12. Qc2 exd4 13. Nxd4 Nf8 14. e3 Ng6 15. h3 Bd7 16. Kh2 Rac8 17. Nf5 Bxf5 18. Qxf5 Bb8 19. Rhd1 Qe5 20. Qxe5 Nxe5 21. Bf1 Nf3+ 22. Kg2 Nd2 23. Be2 Be5 24. f4 Bc7 25. Rac1 Bb6 26. Na4 Bxe3 27. Rc3 Bd4 28. Rxd2 Bxc3 29.
Rxd8+ Rxd8 30. Bxc3 Ne4 31. Be1 b5 32. cxb5 cxb5 33.
Bxb5 Rd1 34. Bb4 Rb1 35. a3 Rb3 36. g4 a5 37. Bxa5 Rxb5 38. Bb4 f5 39. Kf3 g6 40. Nb2 Rb8 41. Nd3 Rd8 42. Ke3 h5 43. gxf5 gxf5 44.
a4 Ra8 45. a5 h4 46. Ne5 Kg7 47. Nc6 Kf6 48. Kd4 Ke6 49. Kc4 Nd6+ 50. Kc5 Rc8 51. Kb6 Kd7 52. Ne5+ Ke6 53. a6 Ra8 54. a7 Nc8+ 55. Kb7 Rxa7+ 56. Kxc8 Rg7 57. Be1 Rh7 58. Kd8 Kd5 59. Ke8 Ke4 60. Ng6 Rh6 61. Kf7 Kf3 62. Kg7 Rh5 63. Bxh4 Kg2 64. Bg5 Kxh3 65. Kf6 Kg4 66.
Ne5+ Kg3 67. Kxf5 Rh8 68. Kg6 1-0

[Event "Early-Titled-Tuesday-Blitz-February-13-2024"]
[Site "Chess.com"]
[Date "2024.02.13"]
[Round "3"]
[White "ChessSG1"]
[Black "amiqu"]
[Result "1/2-1/2"]
[WhiteElo "2428"]
[BlackElo "2058"]
[TimeControl "180+1"]
[EndTime "8:33:23 PST"]
[Termination "Game drawn by repetition"]

1. c4 e6 2. g3 d5 3. Nf3 dxc4 4.
Bg2 Nf6 5. Qa4+ Nbd7 6. Qxc4 a6 7. Qc2 c5 8. O-O Be7 9. d4 O-O 10. Rd1 cxd4 11. Nxd4 Qb6 12. Nc3 Nc5 13. Rb1 e5 14. Nf5 Bd8 15. b4 Ne6 16. e3 Bd7 17. Nd6 Bc6 18. Nc4 Qc7 19. e4 Be7 20. Nd5 Bxd5 21. exd5 Nd4 22. Rxd4 exd4 23. Bf4 Qd7 24. Nb6 Qb5 25.
Nxa8 Rxa8 26. a4 Qd7 27. a5 Rc8 28. Qd3 Nxd5 29. Qxd4 Nf6 30. Qxd7 Nxd7 31. Bxb7 Rc4 32. Bd2 Rd4 33. Be1 Nb8 34. Bc3 Rc4 35. Be5 Nd7 36. Bf4 Rxb4 37. Rxb4 Bxb4 38. Bc7 Nc5 39. Bc8 Ne6 40.
Bb6 Nc5 41. Kf1 Kf8 42. Ke2 Ke7 43. Ke3 Kd6 44. Bxc5+ Bxc5+ 45. Kd3 Bb4 46. Bxa6 Bxa5 47. Bc4 Bb6 48. f3 Bg1 49. h4 f6 50. Ke4 Bh2 51.
g4 Be5 52. Kf5 Ke7 53. h5 h6 54. Bd5 Kf8 55. Kg6 Bf4 56. Kf5 Be5 57. f4 Bc3 58.
Bc4 Bd4 59. Bd5 Bc3 60. g5 fxg5 61. fxg5 hxg5 62. Kxg5 Bd2+ 63. Kg6 Bh6 64. Be4 Bc1 65. Bf5 Bh6 66. Be4 Bc1 67. Bf5 Bh6 68. Be4 1/2-1/2

[Event "Early-Titled-Tuesday-Blitz-February-13-2024"]
[Site "Chess.com"]
[Date "2024.02.13"]
[Round "3"]
[White "GrumbleBruno"]
[Black "M1711"]
[Result "0-1"]
[WhiteElo "2460"]
[BlackElo "2649"]
[TimeControl "180+1"]
[EndTime "8:33:26 PST"]
[Termination "M1711 won on time"]

1. e4 e6 2. d3 c5 3. Nf3 Nc6 4. g3 g6 5. Bg2 Bg7 6. O-O Nge7 7.
c3 O-O 8. d4 cxd4 9. cxd4 d5 10. e5 Nf5 11. g4 Nh4 12. Nxh4 Qxh4 13. Be3 f6 14. exf6 Qxf6 15. f4 Bd7 16. Nc3 Rac8 17. Qd2 Qd8 18. Rad1 Kh8 19. Kh1 Na5 20. b3 b5 21. Ne2 Nc6 22. Ng1 Qa5 23. Nf3 Qxd2 24. Rxd2 Kg8 25. Kg1 Bf6 26. h3 Be7 27. Re2 Bd6 28. Ne5 Nxe5 29. fxe5 Be7 30. Rxf8+ Bxf8 31. Kf2 a5 32. Bf1 a4 33. Ke1 axb3 34. axb3 Rc3 35. Bd2 Rxb3 36. Re3 Rxe3+ 37. Bxe3 b4 38. Bd3 Ba4 39. Kd2 Kf7 40. Bg5 Ke8 41. Bf6 Kd7 42. h4 Kc6 43. g5 Kb6 44. h5 Be8 45. Kc2 Ka5 46. Kb2 Ka4 47. h6 b3 48. Bb1 Ba3+ 49.
Kc3 Bb4+ 50. Kb2 Bd2 51. Bd3 Be3 52. Kc3 Bc1 53. Bb1 Ba3 54. Kd3 Bb5+ 55. Kc3 Bb4+ 56. Kb2 Be8 57. Bd3 Ba5 58. Bb1 Bb6 59. Kc3 b2 60.
Kxb2 Bxd4+ 61. Kc2 Kb4 62. Kd3 Ba1 63. Bc2 Bb5+ 64.
Ke3 Be8 65. Kd3 Kc5 0-1

[Event "Early-Titled-Tuesday-Blitz-February-13-2024"]
[Site "Chess.com"]
[Date "2024.02.13"]
[Round "3"]
[White "MIss_MIaMI"]
[Black "JaackCamel"]
[Result "1-0"]
[WhiteElo "2428"]
[BlackElo "2207"]
[TimeControl "180+1"]
[EndTime "8:33:26 PST"]
[Termination "MIss_MIaMI won on time"]

1. e4 e6 2. d4 d5 3. exd5 exd5 4.
Qf3 Nf6 5. h3 Nc6 6. c3 Be7 7. Bd3 Be6 8. Ne2 Qd7 9. g4 h6 10. Be3 Bd6 11. Nd2 Ne7 12. Nf4 c6 13.
O-O-O O-O-O 14. Kb1 Kb8 15. Nxe6 Qxe6 16. Rde1 Qd7 17.
Bf4 Rhe8 18. Bxh6 Ne4 19. Bf4 Nxd2+ 20. Bxd2 f6 21. h4 Qc7 22. h5 Rh8 23. Re6 Nc8 24.
Rhe1 Rdf8 25. Bf5 a6 26. b3 Ka7 27. Kb2 Rhg8 28. Bg6 Rh8 29. Qd3 Nb6 30. Be3 Ka8 31.
Qd2 Rd8 32. f4 Rhf8 33. Rf1 Rh8 34. Qd3 Rdf8 35. g5 Rd8 36. gxf6 gxf6 37. f5 Bf8 38. Rxf6 Qe7 39. Re6 Qa3+ 40. Kb1 a5 41. Bg5 a4 42. Qc2 Rb8 43. Bf4 Rc8 44. b4 Nc4 45. Bc1 Bxb4 46.
Bxa3 Nxa3+ 47. Kb2 Nxc2 48. Kxc2 Ba3 49. f6 Rcf8 50.
f7 Ka7 51. Re8 Bd6 52. Rxf8 Bxf8 53. Re1 Kb6 54. Re8 Kc7 55. Kd3 Kd7 56. Rb8 b5 57. Rb7+ Kd6 58. Ra7 Ke6 59. Rc7 Kd6 60. Rc8 Kd7 61.
Re8 Kd6 62. Ke2 a3 63. Kf3 Kd7 64. Kg4 Kd6 65. Kf5 Kd7 66. Kf6 Kd6 67. Rxf8 Rxf8 68. Kg7 Ke7 69. h6 b4 70. h7 1-0